 Dungeon Crawl Stone Soup version 0.28-a0-657-g71136c5590 (webtiles) character file.

Game seed: 1763919600763664290

449 eknf the Vexing (level 6, 0/23 (28) HPs)
             Began as a Spriggan Enchanter on Oct 13, 2021.
             Slain by a phantom (5 damage)
             ... on level 3 of the Dungeon.
             The game lasted 00:11:44 (5232 turns).

eknf the Vexing (Spriggan Enchanter)                Turns: 5232, Time: 00:11:44

HP:   0/23 (28)     AC:  3    Str:  6    XL:     6   Next: 74%
MP:   16/16         EV: 17    Int: 16    God:
Gold: 146           SH:  0    Dex: 16    Spells: 9/17 levels left

rFire   . . .      SeeInvis +   a - +2 dagger (venom)
rCold   . . .      Faith    .   (shield restricted)
rNeg    . . .      Spirit   .   b - +1 robe
rPois   .          Reflect  .   (helmet restricted)
rElec   .          Harm     .   (no cloak)
rCorr   .          Rampage  .   (gloves unavailable)
Will    +....                   (boots unavailable)
Stlth   +.........              (no amulet)
HPRegen 0.07/turn               (no ring)
MPRegen 0.15/turn               (no ring)

@: confused, ambrosia-drunk, heavily drained, very quick
A: very small, no large weapons, unfitting armour, see invisible, speed 3
a: no special abilities


You were on level 3 of the Dungeon.
You visited 1 branch of the dungeon, and saw 4 of its levels.

You collected 174 gold pieces.
You spent 28 gold pieces at shops.

Inventory:

Hand Weapons
 a - a +2 dagger of venom (weapon)
Armour
 b - a +1 robe (worn)
 f - the +0 cloak "Icrax" {+Blink rCorr MP-9}
   (You found it on level 4 of the Dungeon)

   MP:        It affects your magic capacity (-9).
   +Blink:    It lets you blink.
   rCorr:     It protects you from acid and corrosion.
Scrolls
 c - a scroll of identify
 d - a scroll of teleportation
 h - a scroll of magic mapping
Potions
 m - a potion of flight


   Skills:
 - Level 1.1 Short Blades
 - Level 2.6 Dodging
 + Level 6.2 Stealth
 + Level 6.1 Spellcasting
 + Level 6.6 Hexes


You had 9 spell levels left.
You knew the following spells:

 Your Spells              Type           Power      Damage    Failure   Level
a - Ensorcelled Hibernat  Hex/Ice        30%        N/A       5%          2
b - Tukima's Dance        Hex            26%        N/A       2%          3
c - Dazzling Flash        Conj/Hex       30%        N/A       11%         3

Your spell library contained the following spells:

 Spells                   Type           Power      Damage    Failure   Level
 Confusing Touch          Hex            26%        N/A       2%          3
 Spider Form              Tmut/Pois      2%         N/A       38%         3


Dungeon Overview and Level Annotations

Branches:
Dungeon (4/15)
 Temple: D:4-7

Altars:
Cheibriados
Qazlal
Trog
Uskayaw

Shops:
D:2 =?=   D:3 =


Innate Abilities, Weirdness & Mutations

You are very small and have problems with some larger weapons.
You are too small for most types of armour.
You have supernaturally acute eyesight. (SInv)
You cover ground extremely quickly. (Speed+++)


Message History

The bush is lightly damaged.
There is a stone staircase leading up here.
A necrophage is nearby!
There is a stone staircase leading up here.
There is a stone staircase leading up here.
There is a stone staircase leading up here.
The necrophage misses you.
You climb upwards.
There is a stone staircase leading down here.
Unknown command.
Unknown command.
Unknown command.
Unknown command.
Unknown command.
Unknown command.
Unknown command.
Unknown command.
Unknown command.
Unknown command.
Unknown command.
The necrophage hits you.
You feel drained.
There is a stone staircase leading up here.
The phantom hits you.
Unknown command.
Unknown command.
The phantom misses you.
There is a stone staircase leading down here.
Unknown command.
Unknown command.
The phantom barely misses you.
Unknown command.
Unknown command.
You hit the phantom but do no damage. The phantom hits you!
* * * LOW HITPOINT WARNING * * *
Unknown command.
Okay, then.
Unknown command.
You are confused.
You feel invigorated. The phantom hits you.
You die...

.##....[.(#.##.#### #...# #
.##########.##.# #...# # ##
#.##.## ###...### # ######
#.#...## #.......### .....###
#......## #.##.......
.....#.####..)....# #.##.......
###..............## #.##.##.#..
..#.....#####.....#####.##.##..n.
#........# ##..@W............#..
........## ##.>.####.###.##.#..
....##.## ##.## #...........
######## #..## #####.....#.
##.#.## #.###...
##.###.######.#####. #.##
##.##.......##.
##.###.###.......##.
#...#...##.......##<


You could see a phantom.

Vanquished Creatures
  Duvessa (D:4)
  A black bear (D:4)
  2 hounds (D:4)
  Jessica (D:2)
  3 adders
  An adder skeleton (D:4)
  2 worms
  7 dart slugs
  An orc (D:4)
  4 bats
  4 endoplasms
  8 goblins
  8 hobgoblins
  10 jackals
  6 kobolds
  3 quokkas
  10 ball pythons
  3 frilled lizards
  7 rats
82 creatures vanquished.

Vanquished Creatures (collateral kills)
  Dowan (D:4)
1 creature vanquished.

Vanquished Creatures (others)
  A bat (D:1)
  A fungus (D:2)
  2 plants (D:2)
4 creatures vanquished.

Grand Total: 87 creatures vanquished

Notes
Turn   | Place    | Note
-------+----------+-------------------------------------------
     0 | D:1      | eknf the Spriggan Enchanter began the quest for the Orb.
     0 | D:1      | Reached XP level 1. HP: 9/9 MP: 5/5
   472 | D:2      | Reached XP level 2. HP: 13/13 MP: 7/7
   473 | D:2      | Found Bediur's Jewellery Boutique.
   681 | D:2      | Learned a level 2 spell: Ensorcelled Hibernation
   703 | D:2      | Reached XP level 3. HP: 12/16 MP: 6/9
   917 | D:2      | Noticed Jessica
   928 | D:2      | Killed Jessica
   929 | D:2      | Reached XP level 4. HP: 16/21 MP: 11/11
  1069 | D:2      | Learned a level 3 spell: Tukima's Dance
  1073 | D:2      | Learned a level 3 spell: Dazzling Flash
  1094 | D:2      | Found Paamn's Magic Scroll Shoppe.
  1101 | D:2      | Reached skill level 5 in Hexes
  1106 | D:2      | Bought a scroll of identify for 28 gold pieces
  1117 | D:2      | Found Emioho's Jewellery Emporium.
  1307 | D:2      | Found a faded altar of an unknown god.
  2630 | D:3      | Found Qoxitz's Jewellery Boutique.
  2671 | D:3      | Noticed a phantom
  3490 | D:3      | Found a snail-covered altar of Cheibriados.
  3503 | D:3      | Found a bloodstained altar of Trog.
  3526 | D:4      | Reached skill level 5 in Spellcasting
  3526 | D:4      | Reached XP level 5. HP: 17/24 MP: 11/13
  3613 | D:4      | Noticed a black bear
  3617 | D:4      | Killed a black bear
  3618 | D:4      | Reached skill level 5 in Stealth
  3638 | D:4      | Noticed Dowan
  3642 | D:4      | Noticed Duvessa
  3656 | D:4      | Killed Dowan
  3657 | D:4      | Reached XP level 6. HP: 17/28 MP: 9/15
  3672 | D:4      | Killed Duvessa
  3693 | D:4      | Found a hide-covered altar of Uskayaw.
  3695 | D:4      | Identified the +0 cloak "Icrax" {+Blink rCorr MP-9}
  4198 | D:4      | Found a stormy altar of Qazlal.
  5231 | D:3      | HP: 1/23 [phantom (8)]
  5232 | D:3      | Slain by a phantom

Illustrated notes

Levels and vault maps discovered:
D:1:      minmay_arrival_widening_spiral_wide, layout_rooms
D:2:      layout_basic, serial_shops, nicolae_shop_crystal, shop, shop,
          shapermc_ecumenical_altar_mp_ritualfount, uniq_jessica
D:3:      layout_loops_cross, mainiacjoe_overflow_big_doors, serial_shops, shop
D:4:      layout_rooms, mainiacjoe_overflow_catch_the_wave, uniq_duvessa

Skill      XL: |  1  2  3  4  5  6 |
---------------+-------------------+-----
Spellcasting   | 3 4 5 6 |  6.1
Hexes          | 4 5 6 |  6.6
Stealth        | 5 6 |  6.2
Short Blades   | |  1.1
Dodging        | |  2.6

Action                   |  1- 3 |  4- 6 || total
-------------------------+-------+-------++-------
Melee: Dagger            |    84 |   233 ||   317
 Cast: Ensorcelled Hiber |     8 |    21 ||    29
       Tukima's Dance    |       |     3 ||     3
  Use: Scroll            |     6 |     9 ||    15
       Potion            |     3 |     4 ||     7
 Stab: Sleeping          |     7 |    22 ||    29
       Invisible         |     4 |       ||     4
       Distracted        |     1 |     6 ||     7
Armor: Robe              |     8 |    26 ||    34
Dodge: Dodged            |    98 |   185 ||   283

Table legend: (Time is in decaauts)
 A = Elapsed time spent in this place.
 B = Non-inter-level travel time spent in this place.
 C = Inter-level travel time spent in this place.
 D = Time resting spent in this place.
 E = Time spent auto-exploring this place.
 F = Levels seen in this place.
 G = Mean time per level.
                   A        B        C        D        E       F      G
               +--------+--------+--------+--------+--------+-----+--------+
         Total |   4198 |   4075 |    123 |    950 |   2177 |   4 | 1049.5 |
       Dungeon |   4198 |   4075 |    123 |    950 |   2177 |   4 | 1049.5 |
               +--------+--------+--------+--------+--------+-----+--------+

Top non-repeatable levels by time:
     D:3: 1222 daAuts
     D:1: 1153 daAuts
     D:2: 952 daAuts
     D:4: 870 daAuts
